 Dungeon Sprint DCSS version 0.19-a0-1792-g28b16ba (webtiles) character file.

17547 poirepourri the Ninja (level 12, -37/54 HPs)
             Began as a Spriggan Enchanter on Oct 4, 2016.
             Was the Champion of Dithmenos.
             Killed from afar by a deep elf annihilator (59 damage)
             ... with an iron shot
             ... in the Dungeon (Sprint I: "Red Sonja").
             The game lasted 00:13:59 (3540 turns).

poirepourri the Ninja (Spriggan Enchanter)          Turns: 3540, Time: 00:14:00

Health: -37/54     AC:  6    Str:  5    XL:     12   Next: 19%
Magic:  24/31      EV: 32    Int: 21    God:    Dithmenos [******]
Gold:   636        SH:  0    Dex: 26    Spells: 5 memorised, 28 levels left

rFire  x . .     SeeInvis +     k - +3 rapier (protect)
rCold  + + .     Gourm    .     q - +3 robe of the Morning Star {Regen+ Dex+6}
rNeg   . . .     Faith    .     (shield restricted)
rPois  .         Spirit   .     s - +1 hat
rElec  .         Dismiss  +     (no cloak)
rCorr  .         Reflect  .     (gloves unavailable)
MR     ++...     Harm     .     (boots unavailable)
Stlth  ++++++++++ NoTele   +    r - amulet of the Special Seas {Dismiss Int+4}
                                v - ring of ice
                                u - ring of protection from cold

@: mesmerised, wreathed by umbra, very quick
A: unfitting armour, see invisible, herbivore 3, speed 3, slow metabolism 2
a: Shadow Step, Shadow Form, Renounce Religion


You were in the Dungeon.
You worshipped Dithmenos.
Dithmenos was exalted by your worship.
You were full.

You visited 1 branch You collected 2485 gold pieces.
You spent 1849 gold pieces at shops.

Inventory:

Hand Weapons
 k - a +3 rapier of protection (weapon)
Armour
 o - a quicksilver dragon armour
 q - the +3 robe of the Morning Star (worn) {Regen+ Dex+6}
   (You bought it in a shop in the Dungeon)

   It affects your dexterity (+6).
   It increases your rate of regeneration.
 s - a +1 hat (worn)
Jewellery
 l - an uncursed ring of poison resistance
 p - a +3 ring of evasion
 r - the amulet of the Special Seas (around neck) {Dismiss Int+4}
   (You found it in the Dungeon)

   [amulet of dismissal]

   It may teleport away creatures that harm you.
   It affects your intelligence (+4).
 u - a ring of protection from cold (left hand)
 v - a ring of ice (right hand)
Wands
 a - a wand of disintegration (15/24)
Scrolls
 t - a scroll of identify
Potions
 b - 2 potions of heal wounds
 e - 2 potions of curing
 f - a potion of cure mutation
 g - a potion of haste
 h - 2 potions of magic
 i - a potion of berserk rage
 j - a potion of might
 m - a potion of ambrosia
Books
 c - a book of Maledictions

   Spells                             Type                      Level
   a - Corona                         Hexes                        1
   b - Ensorcelled Hibernation        Hexes/Ice                    2
   c - Confuse                        Hexes                        3
   d - Tukima's Dance                 Hexes                        3
   e - Dazzling Spray                 Conjuration/Hexes            3
Comestibles
 d - 5 bread rations
 n - a royal jelly


   Skills:
 - Level 2.2 Fighting
 + Level 10.9 Short Blades
 + Level 12.6 Dodging
 O Level 27 Stealth
 + Level 14.6 Spellcasting
 + Level 2.2 Conjurations
 + Level 17.6 Hexes
 - Level 2.0 Ice Magic
 + Level 2.4 Invocations


You had 28 spell levels left.
You knew the following spells:

 Your Spells              Type           Power        Failure   Level  Hunger
a - Corona                Hex            ######.      0%          1    None
b - Ensorcelled Hibernat  Hex/Ice        ######       1%          2    None
c - Confuse               Hex            ######..     0%          3    None
d - Tukima's Dance        Hex            ######..     0%          3    None
e - Dazzling Spray        Conj/Hex       ######       1%          3    None


Dungeon Overview and Level Annotations

Branches:
Dungeon (1/1)

Altars:
Cheibriados
Dithmenos
Elyvilon
Fedhas
Gozag
Hepliaklqana
Kikubaaqudgha
Makhleb
Nemelex Xobeh
Okawaru
Qazlal
Ru
Sif Muna
Trog
Uskayaw
Vehumet
Xom
Yredelemnul
Zin
The Shining One
Jiyva
Lugonu

Shops:
D *}[*%((**(%%(:![:*![=

Annotations:
D exclusion: oklob plant


Innate Abilities, Weirdness & Mutations

You are very small and have problems with some larger weapons.
You are too small for most types of armour.
You have supernaturally acute eyesight. (SInv)
You are a herbivore.
You cover ground extremely quickly.
You need consume almost no food.


Message History

Aim: a siren, wielding a spear (mesmerising, umbra, chance to defeat MR: 37%)
You feel a surge of power!
The siren easily resists.
The sixfirhy completely misses you. The sixfirhy hits you.
You emit a cloud of dark smoke.
The sixfirhy shocks you! The sixfirhy barely misses you.
The siren chants its luring song.
The siren chants a haunting song.
You resist with some effort. The sixfirhy misses you.
The hellwing hits you but does no damage.
The hellwing completely misses you.
Casting: Ensorcelled Hibernation
Confirm with . or Enter, or press ? or * to list all spells.
Aiming: Ensorcelled Hibernation
Press: ? - help, Shift-Dir - straight line, f/p - siren
Aim: a siren, wielding a spear (black smoke, mesmerising, umbra, chance to defeat MR: 37%)
You feel a surge of power!
The siren easily resists.
The sixfirhy hits you. The sixfirhy shocks you!
The deep elf annihilator gestures at you while chanting.
The iron shot hits you!
Ouch! That really hurt!
You die...

§§.§§.§§.§§§..#^(+,,,,*,,,,,,,,,*
§####§§§§§##..'^^#,,,,**,,,,,,,,*
.#.###§§§#######'#,,,,,*****,,,,*
.#'#.###§#§)!##..#,,,,,*,,,*,,,,*
##^..#y#§##...#..##,,,,*,∩,*,,,,*
§#§..###§§###.#..≈###+**,,,*,,,,*
§+§....##.#A#.#..≈.:#,****+*,,,,*
§#§§.§§#..###.#§m4e#*+*,,,,**,,,*
.###++##.##...#§@≈#*,,,,,,,,**,,*
###§§###..#+###§3§#,,,,,,,,,,*,,*
####.§###...#P≈yy##,,,,,,,,,,**,*
#..#..#.###.#M≈m.#,,,,,,,,,,,,*,*
#.......§§#.###..#,,,,,,,,,,,,*,*
#........§#.#,'..#*,,,,,,,,,,**,*
'......####+#.##'#*,,,,,,,,,,*,,*
##...###,,,,*.*≈≈≈**,,,,,,,,**,,*
,#####,,,***#,*≈≈≈≈**,,,,,,**,,,*


You could see a deep elf annihilator, a mummy priest, an oklob plant, a
hellwing, 2 sirens, a sixfirhy and 2 hornets.

Vanquished Creatures
  A lorocyproca (D)
  2 centaur warriors (D)
  A hydra (D)
  Sonja (D)
  7 unseen horrors (D)
  A deep troll (D)
  An oklob plant (D)
  A lindwurm (D)
  8 shining eyes (D)
  A gargoyle (D)
  2 kobold demonologists (D)
  4 demonic crawlers (D)
  A hornet (D)
  A slime creature (D)
  2 redbacks (D)
  Sigmund (D)
  13 hogs (D)
  A yak (D)
  7 floating eyes (D)
  7 necrophages (D)
  An ogre (D)
  8 jellies (D)
  Ijyb (D)
  2 ballistomycetes (D)
  A ballistomycete spore (D)
76 creatures vanquished.

Vanquished Creatures (others)
  2 hornets (D)
  A ballistomycete spore (D)
3 creatures vanquished.

Grand Total: 79 creatures vanquished

Notes
Turn   | Place    | Note
-------+----------+-------------------------------------------
     0 | D        | poirepourri the Spriggan Enchanter began the quest for the Orb.
     0 | D        | Reached XP level 1. HP: 9/9 MP: 5/5
     2 | D        | Noticed Ijyb
     6 | D        | Killed Ijyb
     6 | D        | Reached skill level 7 in Stealth
     6 | D        | Reached skill level 5 in Hexes
     6 | D        | Reached XP level 2. HP: 13/13 MP: 6/8
     9 | D        | Noticed an ogre
    12 | D        | Killed an ogre
    12 | D        | Reached skill level 5 in Dodging
    12 | D        | Reached skill level 9 in Stealth
    12 | D        | Reached skill level 5 in Spellcasting
    12 | D        | Reached XP level 3. HP: 16/16 MP: 6/10
    12 | D        | Reached XP level 4. HP: 21/21 MP: 7/12
    16 | D        | Learned a level 2 spell: Ensorcelled Hibernation
    20 | D        | Learned a level 3 spell: Confuse
    24 | D        | Learned a level 3 spell: Tukima's Dance
    28 | D        | Learned a level 3 spell: Dazzling Spray
    58 | D        | Noticed Sigmund
    61 | D        | Killed Sigmund
    61 | D        | Reached skill level 11 in Stealth
    61 | D        | Reached XP level 5. HP: 24/24 MP: 13/15
    75 | D        | Found a deep blue altar of Sif Muna.
    77 | D        | Found a radiant altar of Vehumet.
    81 | D        | Reached skill level 12 in Stealth
    81 | D        | Reached skill level 10 in Hexes
    81 | D        | Reached XP level 6. HP: 28/28 MP: 16/16
   108 | D        | Found Madgh's Assorted Antiques.
   108 | D        | Found an ancient bone altar of Kikubaaqudgha.
   108 | D        | Found a hazy altar of Hepliaklqana.
   108 | D        | Found a stormy altar of Qazlal.
   108 | D        | Found a hide-covered altar of Uskayaw.
   108 | D        | Found a blossoming altar of Fedhas.
   108 | D        | Found a bloodstained altar of Trog.
   108 | D        | Found an iron altar of Okawaru.
   108 | D        | Found a basalt altar of Yredelemnul.
   108 | D        | Found a glowing golden altar of the Shining One.
   108 | D        | Found a snail-covered altar of Cheibriados.
   108 | D        | Found a sacrificial altar of Ru.
   108 | D        | Found a glowing silver altar of Zin.
   108 | D        | Found a shadowy altar of Dithmenos.
   108 | D        | Found a white marble altar of Elyvilon.
   108 | D        | Noticed a yak
   109 | D        | Found an opulent altar of Gozag.
   110 | D        | Killed a yak
   110 | D        | Reached skill level 13 in Stealth
   111 | D        | Found a sparkling altar of Nemelex Xobeh.
   115 | D        | Bought a glowing rapier for 100 gold pieces
   115 | D        | Bought a small gilded ring for 125 gold pieces
   115 | D        | Bought a scroll labeled ZEINNUHOUC for 25 gold pieces
   115 | D        | Bought a scroll labeled ATYUC VIODGH for 25 gold pieces
   119 | D        | Became a worshipper of Dithmenos the Shadowed
   193 | D        | Noticed Sonja
   197 | D        | Killed Sonja
   197 | D        | Reached skill level 15 in Stealth
   197 | D        | Reached XP level 7. HP: 32/32 MP: 18/20
   216 | D        | Noticed a deep troll
   220 | D        | Killed a deep troll
   220 | D        | Reached skill level 17 in Stealth
   220 | D        | Reached XP level 8. HP: 36/36 MP: 22/22
   230 | D        | Found Qiannoge's Armour Emporium.
   278 | D        | Noticed a centaur warrior
   278 | D        | Noticed a centaur warrior
   288 | D        | Killed a centaur warrior
   288 | D        | Reached * piety under Dithmenos
   288 | D        | Reached skill level 18 in Stealth
   288 | D        | Reached XP level 9. HP: 39/39 MP: 18/23
   291 | D        | Killed a centaur warrior
   291 | D        | Reached skill level 19 in Stealth
   291 | D        | Reached skill level 10 in Spellcasting
   313 | D        | Reached skill level 20 in Stealth
   336 | D        | Noticed an oklob plant
   338 | D        | Killed an oklob plant
   338 | D        | Reached ** piety under Dithmenos
   338 | D        | Reached skill level 10 in Dodging
   338 | D        | Reached skill level 15 in Hexes
   348 | D        | Reached skill level 5 in Short Blades
   363 | D        | Noticed an unseen horror
   364 | D        | Noticed an unseen horror
   370 | D        | Killed an unseen horror
   370 | D        | Reached *** piety under Dithmenos
   370 | D        | Reached skill level 21 in Stealth
   370 | D        | Reached XP level 10. HP: 44/44 MP: 24/26
   372 | D        | Killed an unseen horror
   372 | D        | Reached skill level 22 in Stealth
   413 | D        | Reached **** piety under Dithmenos
   418 | D        | Reached skill level 1 in Fighting
   475 | D        | Reached ***** piety under Dithmenos
   586 | D        | Reached skill level 1 in Ice Magic
   749 | D        | Found Noamasm's Assorted Antiques.
   750 | D        | Found Migipp's Distillery.
   751 | D        | Found Fetal's Jewellery Emporium.
   780 | D        | Found Ynilem Uboe's Assorted Antiques.
   780 | D        | Found Otuschuo's Antique Weapon Shop.
   780 | D        | Found Muki's Assorted Antiques.
   782 | D        | Found Suuwett's Antique Weapon Emporium.
   782 | D        | Found Anacap's Food Shop.
   782 | D        | Found Kur Giogupe's Food Shoppe.
   782 | D        | Found Naseus's Weapon Boutique.
   782 | D        | Found Geps's Book Emporium.
   782 | D        | Found Camnu's Distillery.
   782 | D        | Found Abudghius's Antique Armour Shoppe.
   785 | D        | Bought a copper ring for 95 gold pieces
   785 | D        | Bought a scroll of identify for 38 gold pieces
   785 | D        | Bought a scroll of identify for 38 gold pieces
   786 | D        | Bought 3 scrolls of identify for 138 gold pieces
   786 | D        | Bought a scroll of identify for 46 gold pieces
   786 | D        | Found Coynk's Book Boutique.
   799 | D        | Bought a potion of heal wounds for 70 gold pieces
   909 | D        | Found Livuott's Assorted Antiques.
   939 | D        | Found a burning altar of Makhleb.
   939 | D        | Found a viscous altar of Jiyva.
   939 | D        | Found a shimmering altar of Xom.
   939 | D        | Found a corrupted altar of Lugonu.
   962 | D        | Noticed a soul eater
   963 | D        | Reached skill level 1 in Conjurations
   975 | D        | Reached ****** piety under Dithmenos
  1118 | D        | Reached skill level 23 in Stealth
  1405 | D        | Noticed a lindwurm
  1408 | D        | Killed a lindwurm
  1408 | D        | Reached XP level 11. HP: 50/50 MP: 28/28
  1461 | D        | Reached skill level 24 in Stealth
  1651 | D        | Noticed a 12-headed hydra
  1653 | D        | Killed a 12-headed hydra
  1805 | D        | Noticed a daeva
  1809 | D        | Noticed an unseen horror
  1809 | D        | Noticed an unseen horror
  1809 | D        | Noticed an unseen horror
  1809 | D        | Noticed an unseen horror
  1811 | D        | Killed an unseen horror
  1812 | D        | Noticed an unseen horror
  1813 | D        | Killed an unseen horror
  1814 | D        | Killed an unseen horror
  1816 | D        | Killed an unseen horror
  1816 | D        | Reached skill level 25 in Stealth
  1818 | D        | Killed an unseen horror
  1840 | D        | Got a fine bone amulet
  2198 | D        | Noticed a lorocyproca
  2201 | D        | Killed a lorocyproca
  2450 | D        | Noticed a shining eye
  2450 | D        | Noticed a shining eye
  2450 | D        | Noticed a shining eye
  2450 | D        | Noticed a shining eye
  2450 | D        | Noticed a shining eye
  2450 | D        | Noticed a shining eye
  2451 | D        | Noticed a shining eye
  2451 | D        | Noticed a shining eye
  2452 | D        | Killed a shining eye
  2452 | D        | Reached skill level 26 in Stealth
  2453 | D        | Killed a shining eye
  2453 | D        | Reached skill level 10 in Short Blades
  2453 | D        | Reached skill level 1 in Invocations
  2455 | D        | Killed a shining eye
  2455 | D        | Reached XP level 12. HP: 54/54 MP: 22/31
  2465 | D        | Reached skill level 27 in Stealth
  2475 | D        | Paralysed by a floating eye for 4 turns
  2676 | D        | Found Hipp's Food Shop.
  2676 | D        | Found Tibueq's Gadget Shoppe.
  2676 | D        | Found Bazimy's Weapon Boutique.
  2676 | D        | Found Motsead's Antique Armour Emporium.
  2754 | D        | Identified the amulet of the Special Seas {Dismiss Int+4} (You found it in the Dungeon)
  2769 | D        | Bought a steaming robe for 182 gold pieces
  2769 | D        | Bought an embroidered hat for 128 gold pieces
  2772 | D        | Bought a scroll of identify for 44 gold pieces
  2773 | D        | Bought an uncursed ring of protection from cold for 250 gold pieces
  2773 | D        | Bought an uncursed ring of ice for 250 gold pieces
  2788 | D        | Identified the +3 robe of the Morning Star {Regen+ Dex+6} (You bought it in a shop in the Dungeon)
  3343 | D        | Bought a scroll of enchant weapon for 165 gold pieces
  3352 | D        | Bought a potion of heal wounds for 65 gold pieces
  3352 | D        | Bought a potion of heal wounds for 65 gold pieces
  3439 | D        | Noticed a deep elf annihilator
  3536 | D        | Noticed a mummy priest
  3540 | D        | Killed from afar by a deep elf annihilator

Vault maps used:
D:        dungeon_sprint_1

Skill      XL: |  1  2  3  4  5  6  7  8  9 10 11 12 |
---------------+-------------------------------------+-----
Stealth        | 7 9 11 12 15 17 18 21 23 26 27 | 27.0
Spellcasting   | 4 5 6 8 9 11 12 14 | 14.6
Hexes          | 5 7 9 10 12 13 14 15 16 17 | 17.6
Dodging        | 5 6 8 9 10 11 12 | 12.6
Short Blades   | 2 3 4 5 7 10 | 10.9
Fighting       | 2 |  2.2
Ice Magic      | 2 |  2.0
Conjurations   | 1 2 |  2.2
Invocations    | 1 2 |  2.4

Action                   |  1- 3 |  4- 6 |  7- 9 | 10-12 || total
-------------------------+-------+-------+-------+-------++-------
Melee: Dagger            |     3 |     3 |       |       ||     6
       Rapier            |       |     1 |     8 |   116 ||   125
 Cast: Ensorcelled Hiber |       |       |     3 |    31 ||    34
       Dazzling Spray    |       |       |       |    25 ||    25
       Confuse           |       |       |       |     3 ||     3
Invok: Shadow Step       |       |       |       |     8 ||     8
  Use: Scroll            |       |       |     3 |     9 ||    12
       Potion            |       |       |       |     3 ||     3
 Stab: Sleeping          |     2 |     4 |     8 |    49 ||    63
       Confused          |       |       |       |     2 ||     2
       Invisible         |       |       |       |     2 ||     2
       Distracted        |       |       |       |     1 ||     1
  Eat: Bread ration      |       |       |     1 |       ||     1
Armor: Robe              |       |       |       |     8 ||     8
Dodge: Dodged            |     1 |       |     4 |   142 ||   147
